 Dungeon Crawl Stone Soup version 0.31-a0-210-gccc998df9b (webtiles) character file.

Game seed: 10144534979772423859

395 qw the Shooter (level 6, -9/56 HPs)
             Began as a Minotaur Hexslinger on June 30, 2023.
             Mangled by Pikel
             ... wielding a +1 whip of flaming
              (10 damage)
             ... on level 4 of the Dungeon.
             The game lasted 00:01:03 (2766 turns).

qw the Shooter (Minotaur Hexslinger)                Turns: 2766, Time: 00:01:04

Health: -9/56      AC:  2    Str: 13    XL:     6   Next: 52%
Magic:  6/6        EV: 17    Int: 10    God:
Gold:   162        SH:  0    Dex: 19    Spells: 6/7 levels left

rFire   . . .        g - +1 sling (heavy)
rCold   . . .        (no shield)
rNeg    . . .        c - +0 robe
rPois   +            (helmet restricted)
rElec   .            (no cloak)
rCorr   .            (no gloves)
SInv    .            (no boots)
Will    .....        (no amulet)
Stlth   ++           h - +5 ring of evasion
HPRegen 0.29/turn    a - ring "Ymomiom" {rPois Dex+5}
MPRegen 0.10/turn

%: no passive effects
@: about to teleport
A: horns 2, retaliatory headbutt
a: no special abilities


You were on level 4 of the Dungeon.
You visited 1 branch of the dungeon, and saw 4 of its levels.

You collected 162 gold pieces.


Innate Abilities, Weirdness & Mutations

You have a pair of horns on your head.
You reflexively headbutt those who attack you in melee.


   Skills:
 - Level 5.1 Fighting
 - Level 6.1 Ranged Weapons
 + Level 2.1 Dodging
 - Level 1.0 Spellcasting
 - Level 2.0 Hexes


You had 6 spell levels left.
You knew the following spells:

 Your Spells              Type           Power      Damage    Failure   Level
a - Slow                  Hex            16%        N/A       16%         1

Your spell library contained the following spells:

 Spells                   Type           Power      Damage    Failure   Level
 Inner Flame              Hex/Fire       2%         N/A       56%         3
 Portal Projectile        Hex/Tloc       4%         N/A       56%         3
 Cause Fear               Hex            2%         N/A       83%         4

Inventory:

Hand Weapons
 g - a +1 heavy sling (weapon)
Armour
 c - a +0 robe (worn)
 i - a +0 leather armour
 n - the +5 ring mail of the Barnacle {-Tele Harm Regen+}
   (You found it on level 4 of the Dungeon)

   -Tele:     It prevents most forms of teleportation.
   Regen:     It increases your rate of health regeneration.
   Harm:      It increases damage dealt and taken.
Jewellery
 a - the ring "Ymomiom" (right hand) {rPois Dex+5}
   (You found it on level 3 of the Dungeon)

   [ring of poison resistance]

   Dex:       It affects your dexterity (+5).
   rPois:     It protects you from poison.
 h - a +5 ring of evasion (left hand)
 k - a ring of protection from cold
 Y - a ring of protection from fire
Scrolls
 m - 3 scrolls of enchant armour
Potions
 b - a potion of heal wounds {unknown}
 d - a potion of attraction {unknown}
 e - a potion of might {unknown}
 j - a potion of degeneration {unknown}
 l - a potion of resistance {unknown}

Dungeon Overview and Level Annotations

Branches:
Dungeon (4/15)
 Temple: D:4-7

Altars:

Annotations:
D:4 Menkaure, Pikel


Message History

You kill the lemure!
That felt strangely unrewarding.
Menkaure, Prince of Dust comes into view.
You shoot a sling bullet. The sling bullet barely misses Pikel.
The adder misses you.
Pikel hits you with a +1 whip of flaming.
Pikel burns you. The adder completely misses you.
Menkaure mumbles some strange words.
Menkaure seems to speed up.
Pikel hits you with a +1 whip of flaming!
Pikel burns you.
You shoot a sling bullet. The sling bullet closely misses Pikel.
The sling bullet hits the lemure!
The lemure is moderately wounded.
The adder bites you. Pikel closely misses you. The adder misses you.
Pikel hits you with a +1 whip of flaming.
Pikel burns you. The lemure barely misses you. You furiously retaliate!
You headbutt the lemure. You shoot a sling bullet.
The sling bullet hits the lemure.
The lemure is severely wounded.
The adder misses you.
Menkaure calls on the powers of darkness!
The adder convulses!
Pikel convulses!
Your body is wracked with pain!
The lemure hits you. The adder closely misses you.
Pikel says, "I just want to get paid!"
Pikel barely misses you.
2765 ||| READING scroll of teleportation.
As you read the scroll of teleportation, it crumbles to dust.
You feel strangely unstable. The adder closely misses you.
You furiously retaliate!
You headbutt the adder.
Pikel hits you with a +1 whip of flaming!
Pikel burns you. The lemure hits you. The adder completely misses you.
You shoot a sling bullet. The sling bullet hits the lemure!
You kill the lemure!
That felt strangely unrewarding.
Menkaure calls on the powers of darkness!
The adder convulses!
Pikel convulses!
You feel a surge of unholy energy. Pikel completely misses you.
The adder bites you.
Pikel hits you with a +1 whip of flaming!
You die...

#...# ......####
#####
......+..#####
......##.....#
.......#...[.######
.......#.....'....#
.......#.....####.#
......S#.....#
##.######
.....MK@.#.###
#........
......5###.#
#..###### .......
#.# #..#.....
....... #.#
#..##.### ).....?
#.# #.#......
######. #.#
#.#.#.### #. #.#
#.#.#.... #. #.#
#.#...... #.#######


You could see Pikel, a lemure, Menkaure (fast) and an adder.

Vanquished Creatures
  Edmund (D:4)
  A black bear (D:4)
  3 lemures (D:4)
  An iguana (D:4)
  Jessica (D:3)
  Terence (D:3)
  4 adders
  3 worms (D:3)
  2 dart slugs (D:1)
  2 orcs
  6 endoplasms
  4 giant cockroaches
  5 goblins
  2 hobgoblins
  10 jackals
  3 quokkas
  3 ball pythons
  5 bats
  2 frilled lizards
  5 kobolds
  7 rats (D:2)
71 creatures vanquished.

Notes
Turn   | Place    | Note
-------+----------+-------------------------------------------
     0 | D:1      | qw the Minotaur Hexslinger began the quest for the Orb.
     0 | D:1      | Reached XP level 1. HP: 16/16 MP: 1/1
     0 | D:1      | 0 ||| qw: Version: 0.3-a-26-gee661ec
     0 | D:1      | 0 ||| qw: Game counter: 7151
     0 | D:1      | 0 ||| qw: Melee chars always use a shield: true
     0 | D:1      | 0 ||| qw: God list: Okawaru
     0 | D:1      | 0 ||| qw: Allow faded altars: false
     0 | D:1      | 0 ||| qw: Do Orc after clearing Dungeon:15 true
     0 | D:1      | 0 ||| qw: Do second Lair branch before Depths: true
     0 | D:1      | 0 ||| qw: Lair rune preference: random
     0 | D:1      | 0 ||| qw: Goals: Normal
     0 | D:1      | 0 ||| PLANNING D:1-11
   194 | D:1      | Reached skill level 3 in Ranged Weapons
   194 | D:1      | Reached XP level 2. HP: 21/23 MP: 2/2
   380 | D:1      | 380 ||| FLEEEEING.
   605 | D:1      | 605 ||| FLEEEEING.
   606 | D:1      | 606 ||| FLEEEEING.
   607 | D:1      | 607 ||| FLEEEEING.
   622 | D:1      | 622 ||| FLEEEEING.
   623 | D:1      | 623 ||| FLEEEEING.
   804 | D:1      | Found a faded altar of an unknown god.
   882 | D:1      | 882 ||| UPGRADING to ring of protection from fire.
   883 | D:1      | 883 ||| READING scroll labelled YTODAR ZANOSU.
   884 | D:1      | 884 ||| READING scroll labelled COVESHA XOCS.
   885 | D:1      | 885 ||| READING 2 scrolls labelled JUIGAG PARUKIRCH.
   886 | D:1      | 886 ||| READING scroll labelled URORYOLEAF.
   887 | D:1      | 887 ||| READING scroll labelled CIJAPLI PABLIB.
   888 | D:1      | 888 ||| DROPPING scroll of poison.
   889 | D:1      | 889 ||| DROPPING scroll of noise.
   944 | D:2      | Reached XP level 3. HP: 23/29 MP: 3/3
  1064 | D:2      | Reached skill level 4 in Ranged Weapons
  1690 | D:2      | 1690 ||| READING scroll labelled EPONAM NEULURAAG.
  1691 | D:2      | 1691 ||| READING scroll labelled FOODIGAJONK.
  1692 | D:2      | 1692 ||| READING scroll labelled RUVOATHR KOOMOU.
  1693 | D:2      | 1693 ||| READING scroll labelled ZUITOA HIAMMI.
  1694 | D:2      | 1694 ||| READING scroll labelled UGALOX NAFA.
  1747 | D:2      | 1747 ||| READING 2 scrolls labelled FUICIMP TUEL.
  1751 | D:2      | 1751 ||| DRINKING 3 glowing amethyst potions.
  1806 | D:2      | 1806 ||| DROPPING 2 potions of lignification.
  1812 | D:3      | Noticed Jessica
  1813 | D:3      | Killed Jessica
  1814 | D:3      | Reached XP level 4. HP: 36/36 MP: 4/4
  1950 | D:3      | Identified the ring "Ymomiom" {rPois Dex+5}
  1992 | D:3      | Reached skill level 5 in Ranged Weapons
  2008 | D:3      | Noticed Terence
  2017 | D:3      | Killed Terence
  2206 | D:3      | Reached skill level 3 in Fighting
  2367 | D:3      | 2367 ||| DROPPING amulet of magic regeneration.
  2368 | D:3      | 2368 ||| UPGRADING to ring "Ymomiom" {rPois Dex+5}.
  2369 | D:3      | 2369 ||| UPGRADING to +5 ring of evasion.
  2396 | D:4      | Noticed a black bear
  2399 | D:4      | Killed a black bear
  2400 | D:4      | Reached skill level 6 in Ranged Weapons
  2400 | D:4      | Reached XP level 5. HP: 45/45 MP: 5/5
  2439 | D:4      | Reached XP level 6. HP: 52/52 MP: 6/6
  2512 | D:4      | Identified the +5 ring mail of the Barnacle {-Tele Harm
                  | Regen+}
  2613 | D:4      | Noticed Edmund
  2621 | D:4      | Killed Edmund
  2757 | D:4      | Noticed Pikel
  2761 | D:4      | Noticed Menkaure
  2764 | D:4      | HP: 13/56 [lemure[Pikel] (2)]
  2765 | D:4      | 2765 ||| READING scroll of teleportation.
  2765 | D:4      | HP: 5/56 [Pikel/+1 whip of flaming (8)]
  2766 | D:4      | HP: 1/56 [adder (2)]
  2766 | D:4      | Mangled by Pikel

Levels and vault maps discovered:
D:1:      saegor_arrival_simple_e, layout_loops_ring,
          chequers_ecumenical_altar_lobes
D:2:      layout_loops_ring
D:3:      layout_basic, uniq_jessica, uniq_terence
D:4:      layout_basic, uniq_menkaure, uniq_edmund, uniq_pikel

Skill      XL: |  1  2  3  4  5  6 |
---------------+-------------------+-----
Ranged Weapons | 3 4 6 |  6.1
Fighting       | 2 3 5 |  5.1
Dodging        | |  2.1
Spellcasting   | |  1.0
Hexes          | |  2.0

Action                     |  1- 3 |  4- 6 || total
---------------------------+-------+-------++-------
   Fire: Sling             |   122 |    84 ||   206
    Use: Scroll            |    11 |     1 ||    12
         Potion            |     1 |       ||     1
 Armour: Robe              |    12 |     8 ||    20
  Dodge: Dodged            |    30 |    43 ||    73

Table legend:
 A = Non-vault XP
 B = Vault XP
 C = Vault XP percentage of total XP
 D = Non-vault monster count
 E = Vault monster count
 F = Vault count percentage of total count
                 A         B        C        D         E       F
            +---------+---------+-------+---------+---------+-------
      Total |     339 |     226 |  40.0 |      65 |       3 |   4.4
            +---------+---------+-------+---------+---------+-------
        D:1 |      40 |       0 |   0.0 |      19 |       0 |   0.0
        D:2 |      46 |       0 |   0.0 |      24 |       0 |   0.0
        D:3 |      38 |      69 |  64.5 |      10 |       2 |  16.7
        D:4 |     215 |     157 |  42.2 |      12 |       1 |   7.7
            +---------+---------+-------+---------+---------+-------
